 Dungeon Crawl Stone Soup version 0.26-a0-771-g060e6a62af (webtiles) character file.

Game seed: 9962704804588954173

70 Queen the Skirmisher (level 4, -19/41 HPs)
             Began as a Hill Orc Necromancer on Nov 8, 2020.
             Killed from afar by Ijyb (27 damage)
             ... with a bolt of acid
             ... on level 3 of the Dungeon.
             The game lasted 00:06:13 (2240 turns).

Queen the Skirmisher (Hill Orc Necromancer)         Turns: 2240, Time: 00:06:14

Health: -19/41     AC: -1    Str: 11    XL:     4   Next: 22%
Magic:  0/6        EV: 12    Int: 17    God:
Gold:   94         SH:  0    Dex:  9    Spells: 1/6 levels left

rFire    . . .     SeeInvis .   e - -3 mace (curse)
rCold    . . .     Faith    .   (no shield)
rNeg     . . .     Spirit   .   a - +0 robe
rPois    .         Reflect  .   (helmet restricted)
rElec    .         Harm     .   (no cloak)
rCorr    .         Rampage  .   c - +0 pair of gloves
MR       .....                  (no boots)
Stlth    ++........             (no amulet)
HPRegen  0.13/turn              (no ring)
MPRegen  0.10/turn              (no ring)

@: corroded
A: horns 1, blink, clever 1, clumsy 1
a: Blink


You were on level 3 of the Dungeon.
You visited 1 branch of the dungeon, and saw 3 of its levels.

You collected 94 gold pieces.

Inventory:

Hand Weapons
 e - a cursed -3 mace (weapon)
 i - a +0 whip
 j - a +0 hand axe
Armour
 a - a +0 robe (worn)
 c - a +0 pair of gloves (worn)
Scrolls
 f - a scroll of magic mapping {unknown}
 g - 2 scrolls of enchant armour
Potions
 b - a potion of curing
 h - a potion of ambrosia {unknown}


   Skills:
 + Level 4.5 Fighting
 - Level 1.5 Dodging
 - Level 1.5 Stealth
 - Level 1.5 Spellcasting
 - Level 4.0 Necromancy


You had one spell level left.
You knew the following spells:

 Your Spells              Type           Power        Failure   Level
a - Pain                  Necr           ##..         4%          1
b - Animate Skeleton      Necr           ##....       4%          1
c - Vampiric Draining     Necr           ##........   12%         3

Your spell library contained the following spells:

 Spells                   Type           Power        Failure   Level
 Animate Dead             Necr           ##........   36%         4
 Agony                    Necr           ##......     73%         5


Dungeon Overview and Level Annotations

Branches:
Dungeon (3/15)

Altars:
Ashenzari

Annotations:
D:3 Ijyb


Innate Abilities, Weirdness & Mutations

You have a pair of small horns on your head.
You can translocate small distances at will.
Your mind is acute. (Int +2)
You are clumsy. (Dex -2)


Message History

Casting: Pain (safe; 4% risk of failure)
Confirm with . or Enter, or press ? or * to list all spells.
You don't have enough magic to cast that spell.
Casting: Pain (safe; 4% risk of failure)
Confirm with . or Enter, or press ? or * to list all spells.
You don't have enough magic to cast that spell.
Casting: Pain (safe; 4% risk of failure)
Confirm with . or Enter, or press ? or * to list all spells.
You don't have enough magic to cast that spell.
Unknown command.
Casting: Pain (safe; 4% risk of failure)
Confirm with . or Enter, or press ? or * to list all spells.
You don't have enough magic to cast that spell.
Okay, then.
It was a potion of mutation.
You feel extremely strange.
You feel clever.
You feel jittery.
You feel clumsy. A pair of horns grows on your head!
Ijyb zaps a wand.
The bolt of acid hits you!!
Ouch! That really hurt!
You die...

#.##.......)...
#.########...#.
####.### ##.#..
#......# ##.#..
#.##.#.# ###.....
#.##.#.# #...#...
#.##.#.# #<#...##
#.##.#.####.##.###
#@##..............
#g##...........###
#.##.#.####.####
#.# #.# #<# #.#
#.# #.###### #..
#....... ###
########


You could see Ijyb.

Vanquished Creatures
  3 adders (D:3)
  A worm (D:3)
  2 dart slugs
  2 leopard geckos
  3 ball pythons
  5 bats
  2 goblins
  6 hobgoblins
  2 kobolds (D:2)
  3 frilled lizards
  5 rats
34 creatures vanquished.

Vanquished Creatures (collateral kills)
  A rat (D:3)
1 creature vanquished.

Grand Total: 35 creatures vanquished

Notes
Turn   | Place    | Note
-------+----------+-------------------------------------------
     0 | D:1      | Queen the Hill Orc Necromancer began the quest for the Orb.
     0 | D:1      | Reached XP level 1. HP: 14/14 MP: 3/3
    75 | D:1      | Reached skill level 1 in Fighting
   146 | D:1      | Reached XP level 2. HP: 21/24 MP: 2/4
   506 | D:2      | Found a broken altar of Ashenzari.
   793 | D:2      | Reached XP level 3. HP: 28/31 MP: 0/5
  1373 | D:2      | Learned a level 1 spell: Animate Skeleton
  1377 | D:2      | Learned a level 3 spell: Vampiric Draining
  1987 | D:3      | Reached XP level 4. HP: 39/41 MP: 2/6
  2232 | D:3      | Noticed Ijyb
  2240 | D:3      | Gained mutation: Your mind is acute. (Int +2) [potion of
                  | mutation]
  2240 | D:3      | Gained mutation: You can translocate small distances at
                  | will. [potion of mutation]
  2240 | D:3      | Gained mutation: You are clumsy. (Dex -2) [potion of
                  | mutation]
  2240 | D:3      | Gained mutation: You have a pair of small horns on your
                  | head. [potion of mutation]
  2240 | D:3      | Killed from afar by Ijyb

Illustrated notes

Levels and vault maps discovered:
D:1:      saegor_arrival_simple_a, layout_basic
D:2:      layout_basic, old_standard_altar
D:3:      layout_loops_ring, wad_orctagon, uniq_jessica, uniq_ijyb

Skill      XL: |  1  2  3 |
---------------+----------+-----
Fighting       | 1 3 4 |  4.5
Dodging        | |  1.5
Stealth        | |  1.5
Spellcasting   | |  1.5
Necromancy     | |  4.0

Action                   |  1- 3 |  4- 6 || total
-------------------------+-------+-------++-------
Melee: Club              |     7 |       ||     7
       Mace              |    22 |     6 ||    28
       Whip              |     3 |       ||     3
 Cast: Pain              |    78 |    10 ||    88
       Animate Skeleton  |     2 |     1 ||     3
       Vampiric Draining |       |     2 ||     2
  Use: Scroll            |     3 |       ||     3
       Potion            |     1 |     1 ||     2
Armor: Robe              |    19 |       ||    19
Dodge: Dodged            |    36 |     4 ||    40

Table legend: (Time is in decaauts)
 A = Elapsed time spent in this place.
 B = Non-inter-level travel time spent in this place.
 C = Inter-level travel time spent in this place.
 D = Time resting spent in this place.
 E = Time spent auto-exploring this place.
 F = Levels seen in this place.
 G = Mean time per level.
                   A        B        C        D        E       F      G
               +--------+--------+--------+--------+--------+-----+--------+
         Total |   2252 |   2231 |     21 |   1025 |    663 |   3 |  750.7 |
       Dungeon |   2252 |   2231 |     21 |   1025 |    663 |   3 |  750.7 |
               +--------+--------+--------+--------+--------+-----+--------+

Top non-repeatable levels by time:
     D:2: 1146 daAuts
     D:3: 748 daAuts
     D:1: 357 daAuts
